 Dungeon Crawl Stone Soup version 0.29-a0-330-g52719c12eb (webtiles) character file.

Game seed: 10773636574176015612

43 Crownlay the Thaumaturge (level 3, -2/31 HPs)
             Began as a Gnoll Wanderer on May 24, 2022.
             Slain by a black bear (5 damage)
             ... on level 2 of the Dungeon.
             The game lasted 00:02:18 (1174 turns).

Crownlay the Thaumaturge (Gnoll Wanderer)           Turns: 1174, Time: 00:02:18

Health: -2/31      AC:  3    Str:  7    XL:     3   Next: 58%
Magic:  11/13      EV: 11    Int: 16    God:
Gold:   62         SH:  0    Dex: 12    Spells: 19/20 levels left

rFire   . . .      SeeInvis .   a - +3 hunting sling
rCold   . . .      Faith    .   (no shield)
rNeg    . . .      Spirit   .   c - +0 robe
rPois   .          Reflect  .   k - +0 helmet
rElec   .          Harm     .   (no cloak)
rCorr   .          Rampage  .   (no gloves)
Will    .....                   (no boots)
Stlth   +.........              (no amulet)
HPRegen 0.10/turn               (no ring)
MPRegen 0.13/turn               (no ring)

@: no status effects
A: fangs 1, strong nose, distributed training
a: no special abilities


You were on level 2 of the Dungeon.
You visited 1 branch of the dungeon, and saw 2 of its levels.

You collected 62 gold pieces.

Inventory:

Hand Weapons
 a - a +3 hunting sling (weapon)
Armour
 c - a +0 robe (worn)
 i - a +0 buckler
 k - a +0 helmet (worn)
Scrolls
 b - a scroll of blinking
 e - a scroll of silence {unknown}
 g - a scroll of immolation {unknown}
 l - a scroll of amnesia {unknown}
Potions
 d - a potion of degeneration {unknown}
 f - a potion of heal wounds {unknown}
 h - a potion of mutation {unknown}
 j - a potion of invisibility {unknown}
 m - a potion of curing {unknown}


   Skills:
 + Level 4.5 Fighting
 + Level 0.8 Short Blades
 + Level 0.8 Long Blades
 + Level 0.8 Axes
 + Level 0.8 Maces & Flails
 + Level 0.8 Polearms
 + Level 0.8 Staves
 + Level 4.5 Slings
 + Level 0.8 Bows
 + Level 0.8 Crossbows
 + Level 0.8 Throwing
 + Level 2.6 Armour
 + Level 0.8 Dodging
 + Level 0.8 Stealth
 + Level 0.8 Shields
 + Level 0.8 Unarmed Combat
 + Level 9.3 Spellcasting
 + Level 0.5 Conjurations
 + Level 0.5 Hexes
 + Level 0.5 Summonings
 + Level 0.5 Necromancy
 + Level 0.5 Translocations
 + Level 0.5 Transmutations
 + Level 0.5 Fire Magic
 + Level 0.5 Ice Magic
 + Level 0.5 Air Magic
 + Level 0.5 Earth Magic
 + Level 0.5 Poison Magic
 + Level 1.0 Invocations
 + Level 2.6 Evocations


You had 19 spell levels left.
You knew the following spells:

 Your Spells              Type           Power      Damage    Failure   Level
a - Sting                 Tmut/Pois      36%        1d4       8%          1

Your spell library contained the following spells:

 Spells                   Type           Power      Damage    Failure   Level
 Gell's Gravitas          Tloc           9%         N/A       24%         3
 Ignite Poison            Fire/Tmut/Pois 9%         N/A       24%         3
 Ozocubu's Armour         Ice            9%         N/A       24%         3
 Teleport Other           Tloc           9%         N/A       24%         3
 Dispersal                Tloc           4%         N/A       100%        6
 Ozocubu's Refrigeration  Ice            4%         4d5       100%        7


Dungeon Overview and Level Annotations

Branches:
Dungeon (2/15)

Altars:

Shops:
D:2 (


Innate Abilities, Weirdness & Mutations

You have very sharp teeth.
Your uncanny sense of smell can sniff out nearby items.
Your experience applies equally to all skills.


Message History

The black bear is moderately wounded.
You shoot a sling bullet.
The sling bullet barely misses the black bear.
The sling bullet hits the goblin!
You kill the goblin!
You shoot a sling bullet. The sling bullet hits the black bear.
The black bear is moderately wounded.
The black bear bites you but does no damage.
The black bear claws you. The black bear closely misses you.
The sting hits the black bear.
The black bear is poisoned.
The black bear is heavily wounded.
The black bear closely misses you.
The black bear claws you but does no damage. x2
The sting misses the black bear.
The black bear misses you. The black bear claws you. x2
The sting hits the black bear but does no damage.
The black bear looks even sicker.
The black bear is heavily wounded.
The black bear bites you. The black bear barely misses you.
The black bear closely misses you.
The black bear attacks as you move away!
The black bear bites you but does no damage.
The black bear claws you but does no damage.
The black bear claws you.
The black bear goes berserk!
The black bear attacks as you move away!
The black bear closely misses you. The black bear barely misses you.
The black bear misses you. The black bear barely misses you.
The black bear claws you. The black bear closely misses you.
The black bear attacks as you move away!
The black bear bites you. The black bear claws you.
* * * LOW HITPOINT WARNING * * *
The black bear claws you.
* * * LOW HITPOINT WARNING * * *
The black bear attacks as you move away!
The black bear bites you.
* * * LOW HITPOINT WARNING * * *
The black bear claws you but does no damage. x2
The black bear barely misses you. The black bear claws you.
You die...

###.#..#.#..##########.###
#.#...
.###..##.#..........)..#
#.#..#
......##.#####.######### #
#.#### ..##.###.#
##..###### .# #.#
..8))#.#.##
##......##.#.#.
8..##.##..# ######......#
##(.)#.#..######
###..#.#.#
#..###.#.......####......#
##.##.##.##....#@.)....#.#
####.###........h###.#.#.#
.........######......#.#
#.# ####...### ##....∩.###
. # ##.## ##...#.....# # #
#.# #..####..###.# # #.#
#.## #..# #.# # #.# ###
##.###..# #####.##
##......##...


You could see a black bear (berserk, poisoned).

Vanquished Creatures
  A dart slug (D:1)
  3 orcs (D:2)
  2 endoplasms
  A giant cockroach (D:1)
  3 hobgoblins
  A quokka (D:1)
  2 ball pythons
  4 bats
  2 frilled lizards (D:1)
  9 goblins
  5 kobolds
  3 rats
36 creatures vanquished.

Notes
Turn   | Place    | Note
-------+----------+-------------------------------------------
     0 | D:1      | Reached skill level 9 in Spellcasting
     0 | D:1      | Crownlay the Gnoll Wanderer began the quest for the Orb.
     0 | D:1      | Crownlay set off with the following items: a +3 hunting
                  | sling, a scroll of blinking, a +0 robe; and the following
                  | spell memorised: Sting; and the following spells available
                  | to memorise: Ignite Poison
     0 | D:1      | Reached XP level 1. HP: 20/20 MP: 10/10
   119 | D:1      | Reached XP level 2. HP: 26/26 MP: 12/12
   320 | D:1      | Found a faded altar of an unknown god.
   687 | D:2      | Reached XP level 3. HP: 31/31 MP: 13/13
  1021 | D:2      | Found Duitoh's Weapon Boutique.
  1076 | D:2      | Reached skill level 1 in Invocations
  1158 | D:2      | Noticed a black bear
  1174 | D:2      | Slain by a black bear

Illustrated notes

Levels and vault maps discovered:
D:1:      dpeg_arrival_ternary, layout_basic,
          chequers_ecumenical_altar_simple_redux
D:2:      layout_rooms, serial_shops, shop, serial_co_window_serial,
          co_window_of_opportunity_a, co_window_paths_a, co_window_cross_1,
          co_window_paths_b, co_window_paths_a, co_window_broadway_b,
          co_window_corner_ca, co_window_2corner, co_window_corner_cb,
          co_window_unsneaky_path_c, co_window_2corner, co_window_4corner_b,
          glass_columns_b, glass_columns_a, st_stairs_14,
          minmay_misc_feat_hallway, guppyfry_early_orc_mine

Skill      XL: |  1  2  3 |
---------------+----------+-----
Spellcasting   | |  9.3
Invocations    | 1 |  1.0
Fighting       | |  4.5
Short Blades   | |  0.8
Long Blades    | |  0.8
Axes           | |  0.8
Maces & Flails | |  0.8
Polearms       | |  0.8
Staves         | |  0.8
Slings         | |  4.5
Bows           | |  0.8
Crossbows      | |  0.8
Throwing       | |  0.8
Armour         | |  2.6
Dodging        | |  0.8
Stealth        | |  0.8
Shields        | |  0.8
Unarmed Combat | |  0.8
Conjurations   | |  0.5
Hexes          | |  0.5
Summonings     | |  0.5
Necromancy     | |  0.5
Translocations | |  0.5
Transmutations | |  0.5
Fire Magic     | |  0.5
Ice Magic      | |  0.5
Air Magic      | |  0.5
Earth Magic    | |  0.5
Poison Magic   | |  0.5
Evocations     | |  2.6

Action                   || total
-------------------------++-------
 Fire: Hunting sling     ||    83
 Cast: Sting             ||     3
Armor: Robe              ||    15
Dodge: Dodged            ||    19

Table legend: (Time is in decaauts)
 A = Elapsed time spent in this place.
 B = Non-inter-level travel time spent in this place.
 C = Inter-level travel time spent in this place.
 D = Time resting spent in this place.
 E = Time spent auto-exploring this place.
 F = Levels seen in this place.
 G = Mean time per level.
                   A        B        C        D        E       F      G
               +--------+--------+--------+--------+--------+-----+--------+
         Total |   1196 |   1169 |     27 |      0 |    972 |   2 |  598.0 |
       Dungeon |   1196 |   1169 |     27 |      0 |    972 |   2 |  598.0 |
               +--------+--------+--------+--------+--------+-----+--------+

Top non-repeatable levels by time:
     D:1: 698 daAuts
     D:2: 498 daAuts
